wizbiz, neutral female human Wizard ------ |....| |.(..| |.....########## |....| ---.-- ## # ### # ### # ### -----------.--- |.............| |......<......| |............@| |............f| --------------- wizbiz the Conjurer Experience level: 3 Strength: 12 Dexterity: 9 Constitution: 16 Intelligence: 18 Wisdom: 11 Charisma: 9 Health: 28(28) Energy: 20(20) Def: 2 Gold: 224 Moves: 1579 Dungeon seed: XCsQBXZ5JXxMTws3 Game ID: wizbiz_1525743678 Your Inventory: Coins $ - 224 gold pieces Amulets r - an uncursed amulet of life saving Weapons a - a blessed +1 quarterstaff (weapon in hands) o - 15 +0 darts s - a +0 orcish dagger Armor e - an uncursed +0 cloak of magic resistance (being worn) y - an uncursed +0 orcish helm (being worn) Scrolls i - an uncursed scroll of gold detection j - an uncursed scroll of identify k - an uncursed scroll of remove curse q - an uncursed scroll of teleportation Spellbooks l - a blessed spellbook of force bolt m - an uncursed spellbook of stone to flesh n - an uncursed spellbook of force bolt Potions f - an uncursed potion of invisibility g - an uncursed potion of see invisible h - an uncursed potion of monster detection p - 2 uncursed potions of paralysis Rings c - an uncursed ring of warning (on left hand) d - an uncursed ring of cold resistance (on right hand) Wands b - a wand of cancellation (0:8) u - a wand of locking (0:5) Tools t - an uncursed brass lantern (0:1058) Spells and supernatural/magical abilities: Name Level Category Fail Memory a - force bolt 1 attack 0% 93% S - stone to flesh 3 healing 92% 93% W - pray for help -- divine ? -- Your skills at the end: Fighting Skills Weapon Skills quarterstaff [Basic] Spellcasting Skills attack spells [Basic] enchantment spells [Basic] Final Attributes: You were piously aligned. You were cold resistant. You were magic-protected. You were warned. You survived. Vanquished creatures: a gas spore a hobgoblin a green mold a red mold 2 jackals a fox 3 kobolds a goblin 3 grid bugs 5 lichens 2 newts 21 creatures vanquished. Voluntary challenges: You were an atheist. You used a wielded weapon 17 times, starting on turn 3. You were illiterate. You never genocided any monsters. You never polymorphed an object. You never changed form. You used no wishes. You never split a pudding. You never wrote Elbereth's name. You never violated your personal moral code. Dungeon overview: The Dungeons of Doom: levels 1 to 4 Level 1 a long staircase Level 2 a fountain stairs to The Gnomish Mines Level 3 Level 4 <- You were here The Gnomish Mines: Level 3 stairs to The Dungeons of Doom History has recorded: On T:1 you entered the Dungeons of Doom to retrieve the Amulet of Yendor! On T:215 you advanced to experience level 2. On T:436 you reached level 2 of The Dungeons of Doom. On T:454 you reached level 1 of The Gnomish Mines. On T:628 you reached level 3 of The Dungeons of Doom. On T:629 you advanced to experience level 3. On T:816 you reached level 4 of The Dungeons of Doom. Score breakdown: Gold: 224 ( 8001 points) Experience: 3 levels ( 7878 points) Exploration: 4 levels ( 7.84%) ( 7348 points) Discoveries: 0 items ( 0.00%) ( 0 points) Valuables value: (no points given unless you survive) Artifact value: 0 ( 0 points) Variety of kills: 11 monsters ( 2.89%) ( 5097 points) Turncount: 1579 turns ( 0 points) Survival: quit (score multiplied by 90%) Total score: 25491 Latest messages: You displace your kitten. You hear the footsteps of a guard on patrol. You displace your kitten. Nowhere else around here can be automatically explored. Where do you want to travel to? Never mind. Where do you want to travel to? You kill the green mold! You are splashed by its acid! You hear the chime of a cash register. $ - 21 gold pieces. You see here a chest. Hmmm, it seems to be locked. You finish searching. Where do you want to travel to? You displace your kitten. A red mold blocks your way. You kill the red mold! You hear a door open. You feel clumsy! You haven't been working on reflexes lately. You finish searching. Final status: Goodbye wizbiz the Wizard, quit... You quit in The Dungeons of Doom on dungeon level 4 with 25491 points, and 224 pieces of gold, after 1579 moves. You were level 3 with a maximum of 28 hit points when you quit.